AoeStats
← Axolot

Migration

507595356Analyzed
1v1 RM · 13d ago on Sep 18, 2026· 31m 56s· 2 players
Game mode
Random Map
Map size
132×132
Population
200
Speed
Normal
Resources
Standard
Victory
Conquest
Starting age
Dark Age
Ending age
Imperial Age
RankedLock teamsTeams togetherTeam positionsShared explorationLock speedFull tech treeHidden civsTurbo modeCheats
Victory
Defeat
🇲🇽 Byzantines · Mexico
1590
+15
🇦🇷 Mongols · Argentina
1570
-15
Axolot
6:47 Loom
8:58 Feudal Age
9:35 Double-Bit Axe
9:39 Fishing Lines
17:02 Castle Age
17:23 Town Watch
17:46 Fletching
18:53 Bodkin Arrow
19:58 Bow Saw
27:04 Padded Archer Armor
27:37 Ballistics
30:01 Medium Warships
Tkilla | Kat_O
5:06 Loom
10:56 Feudal Age
15:54 Castle Age
14:05 Double-Bit Axe
14:19 Fishing Lines
14:26 Fishing Lines
14:40 Fletching
17:00 Bodkin Arrow
17:17 Bow Saw
17:34 Gillnets
18:38 Medium Warships
20:19 Scale Barding Armor
21:42 Chain Barding Armor
28:09 Imperial Age
Connection lost

Rejoining the realm…

Still unreachable

The connection could not be restored.

Session expired

The server has moved on; the page needs a fresh start.